[Event "*** Titled Tuesday Blitz"]
[Site "Chess.com"]
[Date "2020.05.19"]
[Round "6"]
[White "zurzan"]
[Black "Jenia84"]
[Result "0-1"]
[WhiteElo "1902"]
[BlackElo "2230"]
[TimeControl "180+1"]
[EndTime "13:05:40 PDT"]
[Termination "Jenia84 won by resignation"]

1. f4 b6 2. e4 Bb7 3. d3 d5 4. e5 d4 5. Nf3 c5 6. Be2 e6 7.
O-O Ne7 8. c3 Nbc6 9. c4 h5 10. h4 Nf5 11. Qe1 Be7 12. g3 Qc7 13. a3 O-O-O 14. Bd2 a5 15. b4 cxb4 16. axb4 Nxb4 17.
Na3 Kb8 18. Nb5 Qc6 19. Rc1 f6 20. Qf2 fxe5 21. fxe5 Rhf8 22. Bf4 Bc5 23. Kh2 Ne3 24. Rg1 Ng4+ 0-1

[Event "*** Titled Tuesday Blitz"]
[Site "Chess.com"]
[Date "2020.05.19"]
[Round "6"]
[White "NotFischer"]
[Black "Nellichka"]
[Result "0-1"]
[WhiteElo "2089"]
[BlackElo "1997"]
[TimeControl "180+1"]
[EndTime "13:05:48 PDT"]
[Termination "Nellichka won by resignation"]

1. e4 e6 2. d4 d5 3. e5 c5 4. c3 Nc6 5. Nf3 Qb6 6. Bd3 Bd7 7.
dxc5 Bxc5 8. O-O a5 9. Qe2 f5 10. exf6 Nxf6 11. c4 O-O 12. cxd5 exd5 13. Nc3 Rae8 14.
Qd1 Nb4 15. Na4 Bxa4 16. Bxh7+ Nxh7 17. Qxa4 Nd3 18. Qg4 Nxf2 19. Rxf2 Bxf2+ 20. Kh1 Rxf3 21. gxf3 Re1+ 22. Kg2 Rg1+ 0-1

[Event "*** Titled Tuesday Blitz"]
[Site "Chess.com"]
[Date "2020.05.19"]
[Round "6"]
[White "Margarita2907"]
[Black "anon569"]
[Result "0-1"]
[WhiteElo "2026"]
[BlackElo "2257"]
[TimeControl "180+1"]
[EndTime "13:05:50 PDT"]
[Termination "anon569 won by resignation"]

1. d4 Nf6 2. Nf3 e6 3. e3 b6 4. Bd3 Bb7 5. O-O c5 6. c4 Be7 7. Nc3 d6 8. b3 Nbd7 9. Bb2 O-O 10. d5 e5 11. e4 Nh5 12. g3 g6 13. Ne1 Ng7 14. f4 exf4 15. gxf4 f5 16. Qe2 Bf6 17.
exf5 Bd4+ 18. Kh1 Nxf5 19. Bxf5 Rxf5 20. Qe6+ Kh8 21. Qxd6 Rf6 0-1

[Event "*** Titled Tuesday Blitz"]
[Site "Chess.com"]
[Date "2020.05.19"]
[Round "6"]
[White "AliKa2810"]
[Black "Sam_ChessMood"]
[Result "0-1"]
[WhiteElo "2627"]
[BlackElo "2873"]
[TimeControl "180+1"]
[EndTime "13:05:59 PDT"]
[Termination "Sam_ChessMood won by resignation"]

1. d4 Nf6 2. c4 e6 3. Nf3 d5 4. Nc3 Be7 5. Bf4 O-O 6. e3 c5 7.
dxc5 Bxc5 8. Qc2 Nc6 9. a3 Qa5 10. Nd2 Qd8 11. O-O-O Qe7 12. Bg5 Rd8 13. cxd5 exd5 14.
Bd3 h6 15. Bxf6 Qxf6 16. Nce4 dxe4 17. Nxe4 Bxe3+ 18. fxe3 Qe7 19. Rhf1 Bg4 20. Rd2 Rac8 21. Nc3 Qxe3 22. Kb1 Nd4 23. Bh7+ Kh8 24. Qd3 Qxd3+ 25. Bxd3 Nb3 0-1

[Event "*** Titled Tuesday Blitz"]
[Site "Chess.com"]
[Date "2020.05.19"]
[Round "6"]
[White "Igrok3069"]
[Black "Aemulus20"]
[Result "1-0"]
[WhiteElo "2775"]
[BlackElo "2590"]
[TimeControl "180+1"]
[EndTime "13:06:09 PDT"]
[Termination "Igrok3069 won by resignation"]

1. d4 Nf6 2. Nf3 e6 3. Bg5 b6 4. Nbd2 Bb7 5. e3 c5 6. c3 cxd4 7. cxd4 Be7 8. Bd3 d6 9. Rc1 O-O 10. O-O a6 11. e4 d5 12. e5 Ne4 13. Bxe7 Qxe7 14. Re1 Nxd2 15. Qxd2 Rc8 16. Bxh7+ Kxh7 17. Rxc8 Bxc8 18. Qc2+ g6 19. Qxc8 Kg7 20. Rc1 b5 21. h4 1-0

[Event "*** Titled Tuesday Blitz"]
[Site "Chess.com"]
[Date "2020.05.19"]
[Round "6"]
[White "Ural_bogatyr"]
[Black "memer5334"]
[Result "1-0"]
[WhiteElo "2415"]
[BlackElo "2217"]
[TimeControl "180+1"]
[EndTime "13:06:11 PDT"]
[Termination "Ural_bogatyr won by resignation"]

1. e4 d5 2. exd5 Qxd5 3. Nc3 Qd8 4. d4 Nf6 5. Nf3 Bg4 6. Be2 e6 7. h3 Bh5 8. Be3 c6 9. Ne5 Bxe2 10. Qxe2 Nbd7 11.
g4 Bb4 12. a3 Bxc3+ 13. bxc3 Nxe5 14. dxe5 Nd5 15. O-O Nxc3 16. Qc4 Nd5 17. Bc5 Qg5 18. f4 Qh4 19. Kh2 h5 20. g5 b5 21. Qe4 f5 22.
exf6 gxf6 23. Qxe6+ Kd8 24. Qd6+ Kc8 25. Qxc6+ Nc7 26.
Bd6 Rh7 27. Bxc7 Rxc7 28. Qxa8+ Kd7 29. Rad1+ Ke6 30. f5+ Kf7 31. Qd5+ Kg7 32. gxf6+ Kh7 33. Qg2 Qf4+ 34. Rxf4 1-0

[Event "*** Titled Tuesday Blitz"]
[Site "Chess.com"]
[Date "2020.05.19"]
[Round "6"]
[White "IljaJoke"]
[Black "SubrotaBiswas"]
[Result "1-0"]
[WhiteElo "2534"]
[BlackElo "2371"]
[TimeControl "180+1"]
[EndTime "13:06:14 PDT"]
[Termination "IljaJoke won by resignation"]

1. d4 Nf6 2. c4 g6 3. Nc3 Bg7 4. e4 d6 5. Be2 O-O 6. Be3 e5 7. d5 a5 8. g4 Na6 9. h4 Nc5 10. f3 c6 11. h5 cxd5 12. cxd5 a4 13. Qd2 a3 14. b3 Qa5 15. Nh3 Bd7 16. Nf2 Rfc8 17. Ncd1 Qb6 18. Kf1 Bb5 19. Bxb5 Qxb5+ 20. Kg2 Na6 21. hxg6 fxg6 22. Bh6 Bh8 23. Ne3 Nb4 24. Rhc1 Nd7 25. Nc4 Nxa2 26. Qxa2 Qa4 27. bxa4 1-0

[Event "*** Titled Tuesday Blitz"]
[Site "Chess.com"]
[Date "2020.05.19"]
[Round "6"]
[White "canary2016"]
[Black "chessuriel"]
[Result "0-1"]
[WhiteElo "1945"]
[BlackElo "2171"]
[TimeControl "180+1"]
[EndTime "13:06:18 PDT"]
[Termination "chessuriel won by checkmate"]

1. Nf3 Nf6 2. g3 c5 3. c4 e6 4.
Nc3 d5 5. cxd5 exd5 6. d4 cxd4 7. Nxd4 Be7 8. Bg2 O-O 9. O-O Nc6 10. Bf4 Re8 11.
Rc1 Bg4 12. f3 Bd7 13. Ncb5 Rc8 14. Nc3 Nxd4 15. e3 Ne6 16. Qd2 Nxf4 17. exf4 Bc5+ 18. Kh1 Be3 19. Qd3 Bxc1 20. Rxc1 Qb6 21. Rd1 Qxb2 22.
Nxd5 Nxd5 23. Qxd5 Bc6 24. Qd6 Re2 25. Bh3 Bxf3+ 26.
Kg1 Rce8 27. Be6 R2xe6 28. Qd7 Qg2# 0-1

[Event "*** Titled Tuesday Blitz"]
[Site "Chess.com"]
[Date "2020.05.19"]
[Round "6"]
[White "ChadBiryani"]
[Black "H3nriqueTV"]
[Result "1-0"]
[WhiteElo "2299"]
[BlackElo "2102"]
[TimeControl "180+1"]
[EndTime "13:06:19 PDT"]
[Termination "ChadBiryani won by resignation"]

1. b3 e5 2. Bb2 d6 3. e3 Nf6 4. d4 exd4 5. exd4 Bg4 6. Be2 Bf5 7. Nf3 Be7 8. O-O O-O 9. h3 c6 10. c4 d5 11. Nc3 h6 12. Re1 Ne4 13. Ne5 Nd7 14.
cxd5 Nxc3 15. Bxc3 Nxe5 16. dxe5 cxd5 17. Bf3 Be6 18.
Bd4 Qa5 19. Qd3 Rac8 20. Re2 a6 21. Kh2 b5 22. Qe3 Bg5 23. Qd3 Rc6 24. a3 Rfc8 25. b4 Qc7 26. Bc5 Rd8 27. Rd1 Bf4+ 28. Kg1 Bxe5 29. Rde1 Bf6 30. Bg4 Bxg4 31. Re8+ 1-0

[Event "*** Titled Tuesday Blitz"]
[Site "Chess.com"]
[Date "2020.05.19"]
[Round "6"]
[White "ChEsper99"]
[Black "GMBenjaminFinegold"]
[Result "0-1"]
[WhiteElo "2062"]
[BlackElo "2545"]
[TimeControl "180+1"]
[EndTime "13:06:20 PDT"]
[Termination "GMBenjaminFinegold won by resignation"]

1. e4 c5 2. Nf3 Nc6 3. Bb5 e6 4. O-O Nge7 5. d4 cxd4 6. Nxd4 Qb6 7. Nxc6 Nxc6 8. Nc3 Be7 9. Be3 Qc7 10. Kh1 b6 11. Re1 Bb7 12. f4 O-O 13. Qg4 f5 14. exf5 Rxf5 15. Bd3 Rf7 16. Rad1 Raf8 17. Rf1 Nb4 18. a3 Nxd3 19. Rxd3 Qc4 20. Rxd7 0-1

[Event "*** Titled Tuesday Blitz"]
[Site "Chess.com"]
[Date "2020.05.19"]
[Round "6"]
[White "ElGasanov"]
[Black "Anna_ChessMate"]
[Result "1-0"]
[WhiteElo "2752"]
[BlackElo "2527"]
[TimeControl "180+1"]
[EndTime "13:06:22 PDT"]
[Termination "ElGasanov won by resignation"]

1. d4 d5 2. c4 c6 3. Nf3 Nf6 4. Nc3 dxc4 5. Ne5 Bf5 6. f3 b5 7.
e4 Be6 8. a4 b4 9. Na2 c3 10.
Nxb4 cxb2 11. Bxb2 Qb6 12. Qd2 a5 13. Nbxc6 Nxc6 14. Nxc6 Bd7 15. d5 e6 16. Bb5 Bc5 17.
Qg5 Bf2+ 18. Kf1 O-O 19. Bxf6 1-0

[Event "*** Titled Tuesday Blitz"]
[Site "Chess.com"]
[Date "2020.05.19"]
[Round "6"]
[White "giantslayer83"]
[Black "lolo9292"]
[Result "0-1"]
[WhiteElo "2678"]
[BlackElo "2530"]
[TimeControl "180+1"]
[EndTime "13:06:22 PDT"]
[Termination "lolo9292 won by resignation"]

1. d4 Nf6 2. Bg5 g6 3. Bxf6 exf6 4. e3 d6 5. h4 h5 6. Nd2 Bh6 7. g3 c6 8. Bg2 d5 9. Ne2 Bg4 10. c4 O-O 11. cxd5 cxd5 12. Qb3 Bxe2 13. Kxe2 Nc6 14. Qxd5 Qb6 15. Nc4 Qa6 16. Rhc1 Rfd8 17. Qc5 Bf8 18. Qd5 Rxd5 19. Bxd5 Nb4 20. Bf3 Rc8 21. b3 b5 22.
Nd2 Rxc1 23. Rxc1 Qxa2 24. Rc7 a5 25. g4 a4 26. bxa4 bxa4 27. gxh5 Nd5 28. Rd7 Nb6 29. Rb7 Nc4 30. hxg6 Qxd2+ 31. Kf1 Qd3+ 32. Be2 Qe4 33.
gxf7+ Kg7 34. Bxc4 Qh1+ 35. Ke2 Qxb7 0-1

[Event "*** Titled Tuesday Blitz"]
[Site "Chess.com"]
[Date "2020.05.19"]
[Round "6"]
[White "Klaus1995"]
[Black "umngqusho"]
[Result "0-1"]
[WhiteElo "1803"]
[BlackElo "2489"]
[TimeControl "180+1"]
[EndTime "13:06:27 PDT"]
[Termination "umngqusho won by resignation"]

1. e4 e5 2. Nf3 Nc6 3. Bc4 Nf6 4. Nc3 Nxe4 5. Nxe4 d5 6. Bxd5 Qxd5 7. d3 Be7 8.
b3 O-O 9. O-O Bg4 10. Bb2 f5 11.
Ng3 Bxf3 12. Qxf3 Qxf3 13. gxf3 g6 14. Rae1 Bf6 15. a3 Kf7 16. Ne2 Rad8 17. f4 Rfe8 18. fxe5 Nxe5 19. Kg2 Nxd3 20. Bxf6 Nxe1+ 21. Rxe1 Kxf6 22.
Kf3 Rd2 23. c3 g5 24. h3 h5 0-1

[Event "*** Titled Tuesday Blitz"]
[Site "Chess.com"]
[Date "2020.05.19"]
[Round "6"]
[White "olksuna"]
[Black "Maksimus1998"]
[Result "1-0"]
[WhiteElo "2581"]
[BlackElo "2440"]
[TimeControl "180+1"]
[EndTime "13:06:32 PDT"]
[Termination "olksuna won by resignation"]

1. c4 c5 2. Nc3 Nc6 3. Nf3 g6 4. e3 Nf6 5. d4 cxd4 6. exd4 d5 7.
cxd5 Nxd5 8. Qb3 Nxc3 9. Bc4 e6 10. bxc3 Bd7 11. Be2 Na5 12. Qb1 f6 13. O-O Kf7 14. Bf4 Rc8 15. Qd3 Bc6 16. Qe3 Bd6 17. Rab1 b6 18.
Rfe1 Bxf3 19. Bxf3 Bxf4 20. Qxf4 Rxc3 21. d5 exd5 22.
Rbd1 Rc5 23. h4 Qd7 24. Bxd5+ Kg7 25. Be6 1-0

[Event "*** Titled Tuesday Blitz"]
[Site "Chess.com"]
[Date "2020.05.19"]
[Round "6"]
[White "HanSchut"]
[Black "parmupill123"]
[Result "0-1"]
[WhiteElo "2233"]
[BlackElo "2411"]
[TimeControl "180+1"]
[EndTime "13:06:38 PDT"]
[Termination "parmupill123 won by resignation"]

1. e4 e6 2. d4 d5 3. Nd2 c5 4.
Ngf3 Nf6 5. exd5 Nxd5 6. Ne4 cxd4 7. Qxd4 Nc6 8. Bb5 Bd7 9. Bxc6 Bxc6 10. O-O Nf6 11.
Nxf6+ Qxf6 12. Qxf6 gxf6 13. Nd4 Bd7 14. Re1 O-O-O 15.
c3 Bd6 16. Be3 a6 17. Rad1 Bc7 18. Nb3 Bc6 19. Nd4 Bd5 20. b3 Ba5 21. Bd2 Rhg8 22. g3 Bb6 23. Nc2 Bf3 24. Be3 0-1

[Event "*** Titled Tuesday Blitz"]
[Site "Chess.com"]
[Date "2020.05.19"]
[Round "6"]
[White "jtayar88"]
[Black "Susal_De_Silva"]
[Result "1-0"]
[WhiteElo "2553"]
[BlackElo "2379"]
[TimeControl "180+1"]
[EndTime "13:06:40 PDT"]
[Termination "jtayar88 won by checkmate"]

1. e4 e5 2. Nf3 Nc6 3. Nc3 Nf6 4.
d4 Bb4 5. Nxe5 Nxe5 6. dxe5 Nxe4 7. Qg4 Nxc3 8. Qxb4 Nd5 9. Qg4 g6 10. Bc4 Ne7 11. Qf3 d5 12. exd6 Nf5 13. Qe4+ Kf8 14. Qe5 Qh4 15. Qxh8# 1-0

[Event "*** Titled Tuesday Blitz"]
[Site "Chess.com"]
[Date "2020.05.19"]
[Round "6"]
[White "carvillshill"]
[Black "SlavenPastar"]
[Result "1-0"]
[WhiteElo "2562"]
[BlackElo "2394"]
[TimeControl "180+1"]
[EndTime "13:06:41 PDT"]
[Termination "carvillshill won by checkmate"]

1. d4 d5 2. c4 dxc4 3. Nf3 Nf6 4. Nc3 a6 5. e4 b5 6. e5 Nd5 7. a4 Bb7 8. e6 Nxc3 9. exf7+ Kxf7 10. bxc3 Nd7 11.
Ng5+ Kg8 12. Be2 e5 13. Bf3 e4 14. Bxe4 Bxe4 15. Nxe4 Qe7 16. f3 Nf6 17. O-O Nxe4 18. fxe4 Qxe4 19. axb5 a5 20. Bf4 Bd6 21. Bxd6 cxd6 22.
Qh5 Re8 23. Qf7# 1-0

[Event "*** Titled Tuesday Blitz"]
[Site "Chess.com"]
[Date "2020.05.19"]
[Round "6"]
[White "KanseiMigatte"]
[Black "JustinWang1234"]
[Result "0-1"]
[WhiteElo "2402"]
[BlackElo "2576"]
[TimeControl "180+1"]
[EndTime "13:06:46 PDT"]
[Termination "JustinWang1234 won by resignation"]

1. d4 Nf6 2. c4 e6 3. Nc3 Bb4 4. e3 b6 5. Ne2 Ne4 6. Qc2 Bb7 7. a3 Bxc3+ 8. Nxc3 Nxc3 9. Qxc3 Qf6 10. f3 c5 11.
Bd3 Nc6 12. dxc5 Qxc3+ 13. bxc3 bxc5 14. O-O Ba6 15. e4 Ne5 16. Be2 Bxc4 17. Kf2 Bxe2 18. Kxe2 Ke7 19. Rd1 d6 20. Bf4 Nc4 21. Rdb1 Rhb8 22.
Kd3 Nb6 23. c4 Na4 24. Kc2 e5 25. Bd2 Kd7 26. f4 Kc6 27. fxe5 dxe5 28. g4 Nb6 29. Kc3 Rd8 30. a4 Rd4 31. a5 Nxc4 32. Bc1 Nd6 33.
Be3 Nxe4+ 34. Kc2 Rd7 35. a6 Rad8 36. Ra4 Nc3 37. Kxc3 Rd3+ 38. Kc2 Rxe3 39. Rb7 Re2+ 40. Kc3 Re3+ 41. Kc2 Rd7 42. Rxd7 0-1

[Event "*** Titled Tuesday Blitz"]
[Site "Chess.com"]
[Date "2020.05.19"]
[Round "6"]
[White "Harsha_Bharathakoti"]
[Black "vpantev"]
[Result "1-0"]
[WhiteElo "2758"]
[BlackElo "2564"]
[TimeControl "180+1"]
[EndTime "13:06:56 PDT"]
[Termination "Harsha_Bharathakoti won by resignation"]

1. e4 c6 2. Nc3 d5 3. Nf3 dxe4 4. Nxe4 Nf6 5. Qe2 Nxe4 6. Qxe4 Qd5 7. Qh4 Qe6+ 8. Be2 Nd7 9. b3 Nf6 10. Bb2 Qg4 11. Qg3 Qxg3 12. hxg3 Bf5 13. O-O-O e6 14. Nh4 Be7 15. Nxf5 exf5 16. Bd3 Ne4 17. Bxe4 fxe4 18.
Bxg7 Rg8 19. Rxh7 Kd7 20. Re1 Rae8 21. Bc3 f5 22. Reh1 b6 23. R1h5 Ref8 24. Kd1 Kd8 25. a4 a6 26. R5h6 f4 27. Rxc6 fxg3 28. fxg3 Bc5 29.
Bf6+ Ke8 30. Re6+ 1-0

[Event "*** Titled Tuesday Blitz"]
[Site "Chess.com"]
[Date "2020.05.19"]
[Round "6"]
[White "Siemba"]
[Black "LADIESGET2KNOWME"]
[Result "0-1"]
[WhiteElo "2272"]
[BlackElo "2549"]
[TimeControl "180+1"]
[EndTime "13:06:56 PDT"]
[Termination "LADIESGET2KNOWME won by resignation"]

1. e4 e5 2. Nf3 Nc6 3. Nc3 Nf6 4. d4 exd4 5. Nxd4 Bc5 6. Be3 Bb6 7. Qd2 O-O 8. O-O-O Re8 9. f3 d5 10. exd5 Nxd5 11.
Bg5 Nde7 12. Nxc6 Qxd2+ 13. Bxd2 Nxc6 14. Nd5 Be6 15. Nxb6 axb6 16. a3 Ne7 17. Bb5 c6 18. Bd3 b5 19. Rhe1 Bc4 20. Bxc4 bxc4 21. Re4 Nd5 22.
Rxc4 Re2 23. Rg4 f5 24. Rg5 h6 25. Rxf5 Rxg2 26. c4 Nb6 27. Bc3 Nxc4 28. Rd7 Rg1+ 29.
Rd1 Rxd1+ 30. Kxd1 Ne3+ 31. Ke2 Nxf5 0-1

[Event "*** Titled Tuesday Blitz"]
[Site "Chess.com"]
[Date "2020.05.19"]
[Round "6"]
[White "vyprd"]
[Black "spela91"]
[Result "1-0"]
[WhiteElo "2192"]
[BlackElo "2018"]
[TimeControl "180+1"]
[EndTime "13:06:57 PDT"]
[Termination "vyprd won by resignation"]

1. e4 c5 2. Nf3 Nc6 3. d4 cxd4 4. Nxd4 Qc7 5. Nc3 e6 6. Be2 Nf6 7. O-O a6 8. Be3 b5 9. Nxc6 dxc6 10. f4 Be7 11. e5 Nd5 12. Nxd5 cxd5 13. Bd3 g6 14. Qd2 Bd7 15. b4 Rc8 16. Bd4 Rb8 17. a3 Ra8 18. Kh1 a5 19. Rfb1 axb4 20. axb4 O-O 21.
g4 Ra4 22. f5 Rfa8 23. f6 Bf8 24. g5 Rxa1 25. Rxa1 Rxa1+ 26. Bxa1 Qa7 27. Bb2 Qa4 28.
c3 Qb3 29. Qc2 Qa2 30. Bc1 Bc6 31. Qxa2 1-0

[Event "*** Titled Tuesday Blitz"]
[Site "Chess.com"]
[Date "2020.05.19"]
[Round "6"]
[White "PlayChessSimple"]
[Black "Caterpiller35"]
[Result "1/2-1/2"]
[WhiteElo "2488"]
[BlackElo "2362"]
[TimeControl "180+1"]
[EndTime "13:06:58 PDT"]
[Termination "Game drawn by repetition"]

1. e4 c5 2. Nf3 Nc6 3. c3 Nf6 4. e5 Nd5 5. Bc4 e6 6. d4 cxd4 7. cxd4 d6 8. Qe2 Be7 9. O-O O-O 10. Rd1 Bd7 11. Nc3 Nxc3 12. bxc3 Qa5 13. exd6 Bxd6 14.
d5 exd5 15. Rxd5 Qc7 16. Qd2 Be6 17. Rg5 Bxc4 18. Rxg7+ Kxg7 19. Qh6+ Kh8 20. Qf6+ Kg8 21. Qg5+ Kh8 22. Qf6+ Kg8 23. Qg5+ Kh8 24. Qf6+ 1/2-1/2

[Event "*** Titled Tuesday Blitz"]
[Site "Chess.com"]
[Date "2020.05.19"]
[Round "6"]
[White "Grootneus"]
[Black "Everyfishknows"]
[Result "1-0"]
[WhiteElo "2229"]
[BlackElo "2385"]
[TimeControl "180+1"]
[EndTime "13:07:01 PDT"]
[Termination "Grootneus won on time"]

1. e4 c6 2. d4 d5 3. Nc3 dxe4 4. Nxe4 Nf6 5. Nxf6+ exf6 6. c3 Bd6 7. Bd3 O-O 8. Qc2 g6 9. Ne2 Nd7 10. h4 f5 11. Be3 Nf6 12. Bg5 Be7 13. O-O-O Nd5 14. Bxe7 Qxe7 15. h5 Qg5+ 16. Kb1 Qxg2 17. hxg6 hxg6 18.
Qd2 Kg7 19. Rdg1 Qxf2 20. Qh6+ Kf6 21. Qxf8 Be6 22. Qxa8 Ne3 23. Qd8+ 1-0

[Event "*** Titled Tuesday Blitz"]
[Site "Chess.com"]
[Date "2020.05.19"]
[Round "6"]
[White "EmeseBalogh"]
[Black "Zmof"]
[Result "0-1"]
[WhiteElo "1946"]
[BlackElo "2243"]
[TimeControl "180+1"]
[EndTime "13:07:01 PDT"]
[Termination "Zmof won by resignation"]

1. e4 c5 2. Nc3 a6 3. g3 b5 4. Bg2 Bb7 5. d3 e6 6. Be3 d5 7. exd5 exd5 8. d4 c4 9. Nce2 Nf6 10. h3 Be7 11. Nf3 O-O 12. O-O Nbd7 13. c3 Re8 14. Qd2 Nb6 15. a3 Ne4 16. Qc2 a5 17. Rae1 b4 18. axb4 axb4 19. Nd2 b3 20. Qc1 Ra2 21. Nxe4 dxe4 22. Qd2 Na4 23. Rb1 Ba3 24.
Nc1 Rxb2 25. Rxb2 Bxb2 26. Ne2 Qa5 0-1

[Event "*** Titled Tuesday Blitz"]
[Site "Chess.com"]
[Date "2020.05.19"]
[Round "6"]
[White "SuperCheese"]
[Black "TheoSlade"]
[Result "1-0"]
[WhiteElo "2567"]
[BlackElo "2402"]
[TimeControl "180+1"]
[EndTime "13:07:09 PDT"]
[Termination "SuperCheese won by resignation"]

1. d4 Nf6 2. c4 e6 3. Nc3 Bb4 4. a3 Bxc3+ 5. bxc3 c5 6. f3 O-O 7. e4 Ne8 8. Bd3 d6 9. f4 f5 10. Nf3 fxe4 11. Bxe4 Nf6 12. Bd3 cxd4 13. cxd4 d5 14.
O-O Nc6 15. Qe2 dxc4 16. Bxc4 Nxd4 17. Nxd4 Qxd4+ 18. Be3 Qd8 19. Rad1 Qe7 20. f5 Kh8 21. Bd4 e5 22. Bxe5 Bd7 23. Bxf6 Qxe2 24. Bxe2 Ba4 25. Rd4 Rae8 26. Bh5 Rxf6 27. Bxe8 Bxe8 28. Rd8 Rf8 29. Re1 Kg8 30. Rexe8 Rxe8 31. Rxe8+ Kf7 32. Rb8 1-0

[Event "*** Titled Tuesday Blitz"]
[Site "Chess.com"]
[Date "2020.05.19"]
[Round "6"]
[White "L_lorenzo"]
[Black "ehrenfeld"]
[Result "0-1"]
[WhiteElo "2026"]
[BlackElo "2441"]
[TimeControl "180+1"]
[EndTime "13:07:09 PDT"]
[Termination "ehrenfeld won by checkmate"]

1. d4 f5 2. e4 fxe4 3. Nc3 Nf6 4.
Bg5 g6 5. h4 d5 6. h5 Bf5 7.
Bxf6 exf6 8. g4 Be6 9. hxg6 Qd7 10. g5 fxg5 11. Qh5 Bg7 12. gxh7+ Qf7 13. Qxg5 Bxd4 14. Qh4 Rxh7 15. Qxh7 Qxf2+ 16. Kd1 Qxf1+ 17. Kd2 Qf4+ 18. Ke1 Qf2+ 19. Kd1 Qf1+ 20. Kd2 e3# 0-1

[Event "*** Titled Tuesday Blitz"]
[Site "Chess.com"]
[Date "2020.05.19"]
[Round "6"]
[White "OsorioFernando"]
[Black "Azoulas1"]
[Result "1-0"]
[WhiteElo "2250"]
[BlackElo "1954"]
[TimeControl "180+1"]
[EndTime "13:07:10 PDT"]
[Termination "OsorioFernando won by checkmate"]

1. e4 c5 2. Nc3 e6 3. g3 Nc6 4. Bg2 g6 5. d3 Bg7 6. Be3 d6 7. Qd2 a6 8. Nge2 b5 9. O-O Bb7 10. Rae1 Rc8 11. h3 Nd4 12. Nc1 Ne7 13. Nd1 O-O 14.
c3 Ndc6 15. Bh6 Qb6 16. Bxg7 Kxg7 17. Ne3 Rcd8 18. f4 d5 19. f5 exf5 20. exf5 Kh8 21.
f6 Ng8 22. Nxd5 Qa7 23. Ne7 c4+ 24. d4 Qb6 25. Nxg8 Rxg8 26. Re4 b4 27. Qh6 bxc3 28. Qxh7+ Kxh7 29. Rh4# 1-0

[Event "*** Titled Tuesday Blitz"]
[Site "Chess.com"]
[Date "2020.05.19"]
[Round "6"]
[White "GOGIEFF"]
[Black "Zurability"]
[Result "1-0"]
[WhiteElo "2920"]
[BlackElo "2692"]
[TimeControl "180+1"]
[EndTime "13:07:11 PDT"]
[Termination "GOGIEFF won by resignation"]

1. d4 Nf6 2. c4 e6 3. Nc3 Bb4 4.
Qc2 O-O 5. Bg5 c5 6. e3 cxd4 7. exd4 d5 8. Nf3 dxc4 9. Bxc4 Nc6 10. Rd1 h6 11. Bh4 Be7 12. O-O Nb4 13. Qe2 Bd7 14.
Bxf6 Bxf6 15. a3 Nc6 16. d5 exd5 17. Nxd5 Bg4 18. Ne3 Nd4 19. Rxd4 Bxd4 20. Nxg4 Qb6 21. Nxd4 Qxd4 22. Rd1 Qb6 23. h4 Rae8 24. Ne3 Re5 25. Rd7 Qc6 26. Qd3 b5 27. Bb3 Qc1+ 28. Kh2 Qxb2 29.
Rxf7 1-0

[Event "*** Titled Tuesday Blitz"]
[Site "Chess.com"]
[Date "2020.05.19"]
[Round "6"]
[White "djano"]
[Black "WeAintSurePal"]
[Result "1-0"]
[WhiteElo "2454"]
[BlackElo "2300"]
[TimeControl "180+1"]
[EndTime "13:07:15 PDT"]
[Termination "djano won by resignation"]

1. Nf3 e6 2. d4 Nf6 3. Bf4 d5 4. e3 c5 5. Nbd2 Nc6 6. Bd3 Bd6 7. dxc5 Bxc5 8. O-O O-O 9. c3 Bd6 10. Bg3 Bxg3 11.
hxg3 e5 12. e4 d4 13. cxd4 Nxd4 14. Nxd4 Qxd4 15. Nf3 Qd6 16. Bc2 Qxd1 17. Rfxd1 Bg4 18. Rac1 Rac8 19. Bb1 h6 20. a4 Bh5 21. a5 Rfe8 22.
b4 Bg6 23. Rxc8 Rxc8 24. Nxe5 Bxe4 25. Bxe4 Nxe4 26. g4 Nf6 27. f3 Rc2 28. Rd8+ Kh7 29. Nxf7 Rc4 30. Rh8+ Kg6 31. Ne5+ 1-0

[Event "*** Titled Tuesday Blitz"]
[Site "Chess.com"]
[Date "2020.05.19"]
[Round "6"]
[White "Zubrrr"]
[Black "GigaQuparadze"]
[Result "0-1"]
[WhiteElo "2668"]
[BlackElo "2864"]
[TimeControl "180+1"]
[EndTime "13:07:18 PDT"]
[Termination "GigaQuparadze won by resignation"]

1. d4 Nf6 2. c4 e6 3. g3 Bb4+ 4. Bd2 Be7 5. Bg2 d5 6. Qc2 O-O 7. Nf3 a5 8. O-O c6 9. Rd1 b6 10. Bf4 Ba6 11. Nbd2 Nh5 12. Ne5 f6 13. Nd3 Nd7 14.
cxd5 cxd5 15. Qc6 Bxd3 16. Qxe6+ Kh8 17. exd3 Nxf4 18. gxf4 f5 19. Qxd5 Ra7 20. Nf3 Qe8 21. Ne5 Nf6 22. Qc6 Qd8 23. Rac1 Qxd4 24. Qe6 Bc5 25.
Nc6 Qxf2+ 26. Kh1 Ng4 27. d4 Qxf4 28. Kg1 Qxh2+ 29. Kf1 Qf4+ 30. Kg1 Qf2+ 31. Kh1 Ne3 32. Qxe3 Qxe3 33. dxc5 Raf7 34. cxb6 Rf6 0-1

[Event "*** Titled Tuesday Blitz"]
[Site "Chess.com"]
[Date "2020.05.19"]
[Round "6"]
[White "Vesper2018"]
[Black "Asteroxylon"]
[Result "1-0"]
[WhiteElo "2266"]
[BlackElo "2382"]
[TimeControl "180+1"]
[EndTime "13:07:19 PDT"]
[Termination "Vesper2018 won by checkmate"]

1. e4 e5 2. Nf3 Nc6 3. Bc4 Nf6 4. d3 Bc5 5. O-O a6 6. c3 d6 7.
d4 exd4 8. cxd4 Bb6 9. h3 O-O 10. Nc3 h6 11. Bb3 Re8 12. Bc2 Nb4 13. Bb1 c5 14. d5 a5 15. Bf4 Bc7 16. Re1 Ra6 17. a3 g5 18. Bg3 Nh5 19. axb4 axb4 20. Rxa6 bxa6 21. Ne2 f5 22. exf5 Qf6 23. Nh2 Qxb2 24.
Ng4 Qg7 25. Qd3 Nxg3 26. fxg3 h5 27. f6 Qh8 28. Qg6+ Kf8 29. Nh6 Bd8 30. Qf7# 1-0

[Event "*** Titled Tuesday Blitz"]
[Site "Chess.com"]
[Date "2020.05.19"]
[Round "6"]
[White "CyberneticLion"]
[Black "ketster"]
[Result "0-1"]
[WhiteElo "2483"]
[BlackElo "2373"]
[TimeControl "180+1"]
[EndTime "13:07:20 PDT"]
[Termination "ketster won by resignation"]

1. e4 e5 2. Nf3 Nc6 3. d4 exd4 4.
Nxd4 Bb4+ 5. c3 Bc5 6. Be3 Bb6 7.
Nf5 g6 8. Bxb6 axb6 9. Ne3 Nf6 10. Nd2 Qe7 11. f3 d5 12. Bd3 dxe4 13. Nxe4 Nxe4 14.
Bxe4 Be6 15. O-O Rd8 16. Qa4 Qc5 17. Rfe1 O-O 18. Kh1 Rd2 19. Bc2 Rfd8 20. Qe4 Qg5 21. Rad1 Bf5 22. Rxd2 Bxe4 23. Rxd8+ Qxd8 24. Bxe4 Qd2 25. Nc2 f5 26. Bxc6 bxc6 27. Re8+ Kf7 0-1

[Event "*** Titled Tuesday Blitz"]
[Site "Chess.com"]
[Date "2020.05.19"]
[Round "6"]
[White "m-garcett"]
[Black "rakshi2005"]
[Result "0-1"]
[WhiteElo "2101"]
[BlackElo "2277"]
[TimeControl "180+1"]
[EndTime "13:07:23 PDT"]
[Termination "rakshi2005 won by resignation"]

1. e4 e5 2. Nf3 Nc6 3. Bb5 f5 4. Qe2 fxe4 5. Qxe4 Nf6 6. Qe2 d6 7. Nc3 Be7 8. Bc4 Na5 9. Bb5+ c6 10. Ba4 b5 11. Bb3 Nxb3 12. axb3 O-O 13. O-O Bg4 14. h3 Bh5 15. Qe3 Nd5 16. Nxd5 cxd5 17. g4 Bg6 18. d3 d4 19. Qe2 Qc7 20. Re1 Qc6 21. Nxd4 exd4 22. Qe6+ Kh8 23. Qxe7 Rae8 24. Rxa7 Rxe7 25. Rexe7 Qf3 26. Bh6 Qxf2+ 27. Kh1 Qf1+ 28. Kh2 gxh6 0-1